 Dungeon Crawl Stone Soup version 0.20-a0-494-gf50ee04 (webtiles) character file.

141 M4edhros the Sneak (level 5, -4/33 HPs)
             Began as an Octopode Artificer on Jan 17, 2017.
             Slain by Blork the orc
             ... wielding a +2 long sword of holy wrath
              (7 damage)
             ... on level 4 of the Dungeon.
             The game lasted 00:01:46 (1779 turns).

M4edhros the Sneak (Octopode Artificer)             Turns: 1779, Time: 00:01:47

Health: -4/33      AC:  1    Str: 12    XL:     5   Next: 24%
Magic:  7/7        EV: 13    Int: 13    God:
Gold:   107        SH:  0    Dex: 13    Spells: 4/4 levels left

rFire    . . .     SeeInvis .   a - +0 short sword
rCold    . . .     Gourm    .   (no shield)
rNeg     . . .     Faith    .   (helmet restricted)
rPois    .         Spirit   .   (no amulet)
rElec    .         Reflect  .   (no ring)
rCorr    .         Harm     .   (no ring)
MR       .....                  (no ring)
Stlth    ++++......             (no ring)
Regen    0.2/turn               (no ring)
                                (no ring)
                                (no ring)
                                (no ring)

@: no status effects
A: almost no armour, stealthy swim, amphibious, 8 rings, constrict 8, camouflage
1, gelatinous body 1
a: no special abilities


You were on level 4 of the Dungeon.
You were not hungry.

You visited 1 branch of the dungeon, and saw 4 of its levels.

You collected 107 gold pieces.

Inventory:

Hand Weapons
 a - a +0 short sword (weapon)
 k - a +0 hunting sling
 q - a +1 war axe of freezing
Missiles
 h - a tomahawk of dispersal
 n - 24 stones (quivered)
Wands
 b - a wand of flame (14/48)
 c - a wand of enslavement (15/24)
 d - a wand of random effects (15/48)
Scrolls
 e - 2 scrolls of teleportation {unknown}
 g - 4 scrolls of random uselessness {unknown}
 i - a scroll of noise {unknown}
 j - a scroll of enchant weapon {unknown}
 m - 6 scrolls of identify {unknown}
 o - a scroll of magic mapping {unknown}
 r - a scroll of recharging {unknown}
 s - a scroll of fear {unknown}
Potions
 l - 2 potions of cancellation
Comestibles
 f - 2 bread rations
 p - a chunk of flesh


   Skills:
 - Level 1.0 Fighting
 - Level 1.0 Short Blades
 * Level 3.1 Slings
 - Level 2.0 Dodging
 + Level 5.1 Stealth
 - Level 3.2 Evocations


You had 4 spell levels left.
You didn't know any spells.

Dungeon Overview and Level Annotations

Branches:
Dungeon (4/15)
 Temple: D:4-7

Altars:
Sif Muna

Annotations:
D:4 Blork the orc


Innate Abilities, Weirdness & Mutations

You cannot wear most types of armour.
You are very stealthy in the water. (Stealth+)
You are amphibious.
You can wear up to eight rings at the same time.
You can use your tentacles to constrict eight enemies at once.
Your skin changes colour to match your surroundings (Stealth+).
Your rubbery body absorbs attacks. (AC +1, EV +1)


Message History

Blork the orc is heavily wounded.
You constrict Blork the orc.
Blork the orc screams, "I'll make a cloak from your skin!"
Blork the orc points at you and mumbles some strange words.
The magic dart hits you!
You hit Blork the orc.
Blork the orc is severely wounded.
You constrict Blork the orc.
Blork the orc points at you and mumbles some strange words.
The magic dart hits you!
* * * LOW HITPOINT WARNING * * *
Evoke which item? (* to show all) (? for menu, Esc to quit)
Aiming: Throw Flame
Press: ? - help, Shift-Dir - straight line, f - Blork the orc
Aim: Blork the orc, wielding a long sword of holy wrath and wearing a robe (severely wounded, constricted by you)
The puff of flame hits Blork the orc.
Blork the orc is almost dead.
This wand has 14 charges left.
You constrict Blork the orc.
Blork the orc hits you with a long sword of holy wrath!
You die...

### .. .# ########.# #.
#........##.... ###
#####.#####........
..####...#.# #@#....##
.....'.....# #.o.....#
#.####....### #..#.#..#
........................
#.##....#..##.#.#. ..###
#.##.####..#.... #.###
#.##.# ...## #. .
#.##...###..# #. ##
#.#####.....# ##


You could see Blork the orc.

Vanquished Creatures
  An orc priest (D:4)
  2 orc wizards
  An adder (D:4)
  An ooze (D:1)
  An adder skeleton (D:4)
  A leopard gecko (D:3)
  6 orcs
  4 bats
  3 goblins
  3 hobgoblins
  2 jackals (D:3)
  3 kobolds
  2 quokkas
  A ball python (D:4)
  3 frilled lizards
  3 rats (D:1)
37 creatures vanquished.

Notes
Turn   | Place    | Note
-------+----------+-------------------------------------------
     0 | D:1      | M4edhros the Octopode Artificer began the quest for the Orb.
     0 | D:1      | Reached XP level 1. HP: 13/13 MP: 3/3
   202 | D:1      | Reached skill level 2 in Stealth
   202 | D:1      | Reached XP level 2. HP: 2/18 MP: 4/4
   493 | D:1      | Reached skill level 3 in Stealth
   841 | D:3      | Found a deep blue altar of Sif Muna.
   874 | D:3      | Reached XP level 3. HP: 9/23 MP: 5/5
  1128 | D:3      | Reached skill level 4 in Stealth
  1256 | D:3      | Reached skill level 1 in Slings
  1281 | D:3      | Reached XP level 4. HP: 26/28 MP: 6/6
  1455 | D:4      | Reached XP level 5. HP: 15/33 MP: 7/7
  1456 | D:4      | Reached skill level 5 in Stealth
  1770 | D:4      | Noticed Blork the orc
  1779 | D:4      | Slain by Blork the orc

Vault maps used:
D:1:      erik_arrival_triangle_small
D:2:      nicolae_ru_path_of_blood, first_bread, kennysheep_generic_room_12
D:3:      nicolae_overflow_hidden_temple, lemuel_zombie_altar_yredelemnul,
          kennysheep_generic_room_3, uniq_natasha
D:4:      uniq_blork_the_orc

Skill      XL: |  1  2  3  4  5 |
---------------+----------------+-----
Stealth        | 2 3 4 5 |  5.1
Slings         | 1 3 |  3.1
Fighting       | |  1.0
Short Blades   | |  1.0
Dodging        | |  2.0
Evocations     | |  3.2

Action                   |  1- 3 |  4- 6 || total
-------------------------+-------+-------++-------
Melee: Short sword       |    62 |    14 ||    76
       Tentacles         |     7 |     5 ||    12
       Constrict         |    12 |     6 ||    18
       War axe           |       |    18 ||    18
Evoke: Wand              |       |     1 ||     1
  Use: Potion            |     3 |     1 ||     4
 Stab: Sleeping          |     8 |     1 ||     9
  Eat: Chunk             |       |     3 ||     3
Armor: Skin              |     5 |     1 ||     6
Dodge: Dodged            |    36 |    18 ||    54
